 Dungeon Crawl Stone Soup version 0.31-a0-1403-gd128f73 (webtiles) character file.

Game seed: 10353085812777709312

276 samfromsteam the Covered (level 6, -2/53 HPs)
             Began as a Minotaur Fighter on Dec 25, 2023.
             Was an Initiate of the Shining One.
             Slain by a gnoll
             ... wielding a +0 spear
             ... led by a gnoll bouda
              (4 damage)
             ... on level 4 of the Dungeon.
             The game lasted 00:17:04 (3058 turns).

samfromsteam the Covered (Minotaur Fighter)         Turns: 3058, Time: 00:17:05

Health: -2/53      AC: 11    Str: 23    XL:     6   Next: 4%
Magic:  5/5        EV:  8    Int:  5    God:    the Shining One [......]
Gold:   169        SH:  4    Dex:  9    Spells: 5/5 levels left

rFire   . . .        a - +0 long sword
rCold   . . .        c - +0 buckler
rNeg    . . .        j - +0 chain mail
rPois   .            (helmet restricted)
rElec   .            (no cloak)
rCorr   .            (no gloves)
SInv    .            u - +0 pair of boots
Will    .....        (no amulet) Stlth
                     (no ring)
HPRegen 0.28/turn    (no ring)
MPRegen 0.09/turn

%: no passive effects
@: mighty, weakened, glowing
A: horns 2, retaliatory headbutt
a: Renounce Religion


You were on level 4 of the Dungeon.
You worshipped the Shining One.
The Shining One was noncommittal.
You visited 2 branches of the dungeon, and saw 5 of its levels.

You collected 169 gold pieces.

Inventory:

Hand Weapons
 a - a +0 long sword (weapon)
 o - a +0 heavy mace
Missiles
 h - 3 throwing nets {!f}
Armour
 c - a +0 buckler (worn)
 j - a +0 chain mail (worn)
 u - a +0 pair of boots (worn)
Jewellery
 g - a ring of willpower
 m - a ring of magical power
 n - a ring of positive energy
Talismans
 f - a maw talisman
Wands
 k - a wand of flame (25)
 p - a wand of paralysis (13)
 r - a wand of polymorph (3)
Scrolls
 b - 5 scrolls of identify {unknown}
 i - a scroll of summoning {unknown}
 q - a scroll of torment {unknown}
 s - a scroll of fear {unknown}
 w - a scroll of blinking {unknown}
Potions
 e - a potion of berserk rage {unknown}
 l - a potion of brilliance {unknown}
 t - a potion of magic {unknown}
 v - a potion of mutation {unknown}


   Skills:
 + Level 4.6 Fighting
 * Level 4.9 Long Blades
 * Level 5.6 Armour
 + Level 4.5 Shields


You had 5 spell levels left.
You didn't know any spells.
Your spell library contained the following spells:

 Spells                   Type           Power      Damage    Failure   Level
 Ensorcelled Hibernation  Hex/Ice        0%         N/A       99%         2
 Scorch                   Fire           0%         2d5       99%         2
 Fugue of the Fallen      Necr           0%         N/A       100%        3
 Anguish                  Hex/Necr       0%         N/A       100%        4
 Flame Wave               Conj/Fire      0%         2d4       100%        4
 Alistair's Intoxication  Alch           0%         N/A       100%        5
 Borgnjor's Vile Clutch   Necr/Erth      0%         N/A       100%        5
 Eringya's Noxious Bog    Alch           0%         4d6       100%        6
 Summon Cactus Giant      Summ           0%         N/A       100%        6


Dungeon Overview and Level Annotations

Branches:
Dungeon (4/15)             Temple (1/1) D:4

Altars:
Cheibriados
Fedhas
Kikubaaqudgha
Makhleb
Nemelex Xobeh
Okawaru
Qazlal
Ru
Sif Muna
Trog
Uskayaw
Wu Jian
Xom
The Shining One

Shops:
D:1 *

Annotations:
D:4 1 runed translucent door


Innate Abilities, Weirdness & Mutations

You have a pair of horns on your head.
You reflexively headbutt those who attack you in melee.


Message History

The quokka twitches its whiskers.
You hit the gnoll. You headbutt the gnoll!
You kill the gnoll!
The gnoll is no longer moving quickly.
The gnoll hits you from afar with a +0 halberd.
You closely miss the quokka. Your headbutt misses the quokka.
The quokka closely misses you.
The gnoll hits you from afar with a +0 halberd.
You barely miss the quokka. Your headbutt misses the quokka.
The quokka bites you but does no damage.
The gnoll hits you from afar with a +0 halberd.
The gnoll bouda barks out a call to the hunt!
The gnoll picks up the pace!
The quokka barely misses you.
You closely miss the quokka.
The gnoll hits you from afar with a +0 halberd.
The gnoll hits you from afar with a +0 halberd!
You are too injured to fight recklessly!
You are too injured to fight recklessly!
You are too injured to fight recklessly!
You are too injured to fight recklessly!
You hit the gnoll bouda but do no damage.
You headbutt the gnoll bouda.
The gnoll bouda is moderately wounded.
The gnoll closely misses you.
The gnoll bouda hits you with a +0 whip.
* * * LOW HITPOINT WARNING * * *
You barely miss the gnoll bouda. Your headbutt misses the gnoll bouda.
The gnoll bouda is moderately wounded.
The gnoll is no longer moving quickly.
The gnoll hits you from afar with a +0 halberd!
* * * LOW HITPOINT WARNING * * *
The gnoll bouda gazes fiercely through you!
You feel your attacks grow feeble.
The gnoll bouda hits you with a +0 whip.
* * * LOW HITPOINT WARNING * * *
You feel very mighty all of a sudden. The gnoll barely misses you.
The gnoll hits you from afar with a +0 spear.
You die...

.....###.....(........#
#.##.##.##........##..#
......#...............###
........................#
...⌠..###...............#
......###...........##.##
.>......##.....grg..##.##
......###......#g#..#...#
...⌠..####....##@#.###..#
..............###### #.##
......#...#..## ###
#.##.##...#..#
#............#
............##
.......###### ........
....#..#


You could see a gnoll bouda, 2 gnolls and a quokka.

Vanquished Creatures
  3 hounds
  5 gnolls
  7 adders
  3 worms
  A dart slug (D:2)
  5 ball pythons
  9 bats
  7 endoplasms
  4 giant cockroaches
  5 hobgoblins
  4 kobolds
  5 quokkas
  5 frilled lizards
  6 goblins
  3 rats
72 creatures vanquished.

Notes
Turn   | Place    | Note
-------+----------+-------------------------------------------
     0 | D:1      | samfromsteam the Minotaur Fighter began the quest for the
                  | Orb.
     0 | D:1      | Reached XP level 1. HP: 19/19 MP: 0/0
   151 | D:1      | Found Yhol's General Store.
   208 | D:1      | Reached XP level 2. HP: 27/27 MP: 1/1
   258 | D:1      | Found a faded altar of an unknown god.
   367 | D:1      | Reached skill level 4 in Armour
   757 | D:1      | Reached XP level 3. HP: 28/33 MP: 2/2
   943 | D:2      | Reached XP level 4. HP: 38/40 MP: 3/3
  1928 | D:3      | Found a hide-covered altar of Uskayaw.
  1928 | D:3      | Found a shimmering altar of Xom.
  1932 | D:3      | Found a snail-covered altar of Cheibriados.
  1976 | D:3      | Found a stormy altar of Qazlal.
  2190 | D:3      | Reached skill level 5 in Armour
  2492 | D:3      | Reached XP level 5. HP: 47/47 MP: 4/4
  2708 | D:4      | Found a runed translucent gate.
  2869 | D:4      | Found a staircase to the Ecumenical Temple.
  2879 | Temple   | Entered the Ecumenical Temple
  2916 | Temple   | Became a worshipper of the Shining One
  3007 | D:4      | Reached XP level 6. HP: 53/53 MP: 5/5
  3057 | D:4      | HP: 2/53 [gnoll bouda/+0 whip (5)]
  3058 | D:4      | Slain by a gnoll

Illustrated notes

Levels and vault maps discovered:
D:1:      nzn_arrival_depleted_hourglass, layout_basic, serial_shops,
          nicolae_shop_rolling_square, ebering_ecumenical_altar_sacrificial
D:2:      layout_basic
D:3:      layout_basic, mainiacjoe_overflow_alcove_2, minitemple
D:4:      layout_cave_pools, minmay_temple_entry_large_hall,
          gammafunk_ghost_nasty_kobolds
Temple:   hellmonk_temple_beads

Skill      XL: |  1  2  3  4 |
---------------+-------------+-----
Armour         | 4 5 |  5.6
Long Blades    | 3 4 |  4.9
Fighting       | 4 |  4.6
Shields        | 4 |  4.5

Action                     |  1- 3 |  4- 6 || total
---------------------------+-------+-------++-------
  Melee: Long sword        |    78 |   157 ||   235
         Headbutt          |     9 |    19 ||    28
    Use: Potion            |       |     1 ||     1
 Armour: Scale mail        |    58 |     7 ||    65
         Chain mail        |       |   134 ||   134
  Dodge: Dodged            |    38 |    51 ||    89
  Block: Buckler           |    19 |    37 ||    56

Table legend: (Time is in decaauts)
 A = Elapsed time spent in this place.
 B = Non-inter-level travel time spent in this place.
 C = Inter-level travel time spent in this place.
 D = Time resting spent in this place.
 E = Time spent auto-exploring this place.
 F = Levels seen in this place.
 G = Mean time per level.
                   A        B        C        D        E       F      G
               +--------+--------+--------+--------+--------+-----+--------+
         Total |   3115 |   3021 |     94 |    314 |   1988 |   5 |  623.0 |
       Dungeon |   3040 |   2983 |     57 |    314 |   1988 |   4 |  760.0 |
        Temple |     74 |     37 |     37 |      0 |      0 |   1 |   74.0 |
               +--------+--------+--------+--------+--------+-----+--------+

Top non-repeatable levels by time:
     D:2: 920 daAuts
     D:1: 858 daAuts
     D:3: 803 daAuts
     D:4: 457 daAuts
  Temple: 74 daAuts
